 Dungeon Crawl Stone Soup version 0.20-a0-259-gc929cd2 (webtiles) character file.

21 Demogavin the Sneak (level 2, 0/19 HPs)
             Began as an Octopode Assassin on Dec 2, 2016.
             Succumbed to a worker ant's poison
             ... on level 4 of the Dungeon.
             The game lasted 00:02:00 (596 turns).

Demogavin the Sneak (Octopode Assassin)              Turns: 596, Time: 00:02:01

Health: 0/19       AC:  1    Str: 10    XL:     2   Next: 83%
Magic:  2/2        EV: 13    Int: 13    God:
Gold:   44         SH:  0    Dex: 13    Spells: 1/1 levels left

rFire  . . .     SeeInvis .     a - +2 dagger
rCold  . . .     Gourm    .     (no shield)
rNeg   . . .     Faith    .     (helmet restricted)
rPois  .         Spirit   .     (no amulet)
rElec  .         Reflect  .     (no ring)
rCorr  .         Harm     .     (no ring)
MR     .....                    (no ring)
Stlth  ++++......               (no ring)
                                (no ring)
                                (no ring)
                                (no ring)
                                (no ring)

@: lethally poisoned (0 -> -8)
A: almost no armour, stealthy swim, amphibious, 8 rings, constrict 8, camouflage
1, gelatinous body 1
a: no special abilities


You were on level 4 of the Dungeon.
You were not hungry.

You visited 1 branch of the dungeon, and saw 4 of its levels.

You collected 44 gold pieces.

Inventory:

Hand Weapons
 a - a +2 dagger (weapon)
 b - a +0 blowgun
Missiles
 c - 8 poisoned needles
 d - 2 curare-tipped needles
 e - 49 stones (quivered)
Comestibles
 f - a bread ration


   Skills:
 + Level 2.2 Fighting
 + Level 2.0 Short Blades
 - Level 2.0 Throwing
 * Level 1.4 Dodging
 - Level 6.1 Stealth


You had one spell level left.
You didn't know any spells.

Dungeon Overview and Level Annotations

Branches:
Dungeon (4/15)
 Temple: D:4-7

Altars:


Innate Abilities, Weirdness & Mutations

You cannot wear most types of armour.
You are very stealthy in the water. (Stealth+)
You are amphibious.
You can wear up to eight rings at the same time.
You can use your tentacles to constrict eight enemies at once.
Your skin changes colour to match your surroundings (Stealth+).
Your rubbery body absorbs attacks. (AC +1, EV +1)


Message History

2 worker ants, a skeleton and a dart slug come into view.
There is a stone staircase leading up here.
Found 25 stones.
You barely miss the worker ant. Your grab misses the worker ant.
The worker ant bites you!
You barely miss the worker ant. Your grab misses the worker ant.
The worker ant bites you.
You are lethally poisoned!
The worker ant poisons you!
You hit the worker ant but do no damage.
Your grab misses the worker ant. Your squeeze misses the worker ant.
You feel sick. The worker ant misses you.
You hit the worker ant. You grab the worker ant.
The worker ant is lightly wounded.
You constrict the worker ant.
You feel sick. The worker ant bites you!
* * * LOW HITPOINT WARNING * * *
You hit the worker ant.
The worker ant is heavily wounded.
You constrict the worker ant, but do no damage.
You die...

.# .# .# #####a#
#######.....#
............#####
.Z...............
w......<.@a......
#................
#.###..........##
#..........(.
...........###
###.........#
#.........#
#########.#


You could see 2 worker ants.

Vanquished Creatures
  A worm (D:1)
  A dart slug (D:3)
  2 leopard geckos (D:1)
  2 goblins
  3 jackals (D:1)
  A quokka (D:2)
  A bat (D:2)
  A kobold (D:3)
  A rat (D:1)
13 creatures vanquished.

Notes
Turn   | Place    | Note
-------+----------+-------------------------------------------
     0 | D:1      | Demogavin the Octopode Assassin began the quest for the Orb.
     0 | D:1      | Reached XP level 1. HP: 14/14 MP: 1/1
   105 | D:1      | Reached XP level 2. HP: 9/19 MP: 2/2
   177 | D:1      | Reached skill level 6 in Stealth
   596 | D:4      | Succumbed to a worker ant's poison

Vault maps used:
D:1:      evilmike_arrival_run_for_it
D:2:      first_bread, st_stairs_6
D:3:      serial_co_window_serial, co_window_paths_a, co_window_paths_b,
          co_window_of_opportunity_a, co_window_corner_a, co_window_paths_a,
          co_window_of_opportunity_b, co_window_corner_b, co_window_corner_b,
          glass_columns_a, minmay_strange_pillars
D:4:      serial_shops, shop

Skill      XL: |  1  2 |
---------------+-------+-----
Stealth        | 6 |  6.1
Fighting       | |  2.2
Short Blades   | |  2.0
Throwing       | |  2.0
Dodging        | |  1.4

Action                   || total
-------------------------++-------
Melee: Dagger            ||    31
       Constrict         ||     8
       Tentacles         ||     5
 Fire: Blowgun           ||     2
  Use: Potion            ||     1
 Stab: Sleeping          ||     4
Armor: Skin              ||     4
Dodge: Dodged            ||    23
